 Dungeon Crawl Stone Soup version 0.31-a0-806-g0bc164a743 (webtiles) character file.

Game seed: 9988399270325499534

67 ANON1729 the Poker (level 3, -3/34 HPs)
             Began as a Minotaur Monk on Sept 21, 2023.
             Slain by a gnoll
             ... wielding a +0 spear
              (6 damage)
             ... on level 4 of the Dungeon.
             The game lasted 00:00:28 (1183 turns).

ANON1729 the Poker (Minotaur Monk)                  Turns: 1183, Time: 00:00:29

Health: -3/34      AC:  2    Str: 17    XL:     3   Next: 98%
Magic:  2/2        EV: 13    Int:  7    God:
Gold:   100        SH:  0    Dex: 12    Spells: 2/2 levels left

rFire   . . .        a - +0 spear
rCold   . . .        d - orb {light}
rNeg    . . .        b - +0 robe
rPois   .            (helmet restricted)
rElec   .            (no cloak)
rCorr   .            (no gloves)
SInv    .            (no boots)
Will    .....        (no amulet)
Stlth   +            (no ring)
HPRegen 0.25/turn    (no ring)
MPRegen 0.08/turn

%: no passive effects
@: glowing
A: horns 2, retaliatory headbutt
a: no special abilities


You were on level 4 of the Dungeon.
You visited 1 branch of the dungeon, and saw 3 of its levels.

You collected 100 gold pieces.

Inventory:

Hand Weapons
 a - a +0 spear (weapon)
Armour
 b - a +0 robe (worn)
 d - an orb of light (worn)
Scrolls
 f - a scroll of torment {unknown}
 h - 3 scrolls of amnesia {unknown}
 i - a scroll of teleportation {unknown}
 j - a scroll of immolation {unknown}
 k - a scroll of identify {unknown}
 l - a scroll of noise {unknown}
 m - a scroll of fog {unknown}
Potions
 c - a potion of ambrosia
 e - a potion of heal wounds {unknown}
 g - a potion of degeneration {unknown}


   Skills:
 + Level 4.4 Fighting
 + Level 4.4 Polearms
 + Level 0.9 Armour
 + Level 4.0 Dodging


You had 2 spell levels left.
You didn't know any spells.
Your spell library was empty.

Dungeon Overview and Level Annotations

Branches:
Dungeon (2/15)

Altars:


Innate Abilities, Weirdness & Mutations

You have a pair of horns on your head.
You reflexively headbutt those who attack you in melee.


Message History

You kill the kobold!
The gnoll hits you from afar with a +0 spear.
You reach to attack!
You hit the gnoll.
The gnoll is lightly wounded.
The gnoll hits you from afar with a +0 spear!
A gnoll comes into view. It is wielding a +0 club.
You reach to attack!
You barely miss the gnoll.
The gnoll is lightly wounded.
The gnoll shouts!
The gnoll hits you from afar with a +0 spear. x3
* * * LOW HITPOINT WARNING * * *
You are too injured to fight recklessly!
You are too injured to fight recklessly!
You are too injured to fight recklessly!
You are too injured to fight recklessly!
You are too injured to fight recklessly!
You are too injured to fight recklessly!
You are too injured to fight recklessly!
You are too injured to fight recklessly!
You are too injured to fight recklessly!
You are too injured to fight recklessly!
You are too injured to fight recklessly!
You are too injured to fight recklessly!
You are too injured to fight recklessly!
You are too injured to fight recklessly!
You are too injured to fight recklessly!
You are too injured to fight recklessly!
You are too injured to fight recklessly!
You are too injured to fight recklessly!
You are too injured to fight recklessly!
The gnoll attacks as it pursues you! The gnoll barely misses you.
The gnoll attacks as it pursues you! The gnoll misses you.
The gnoll attacks as it pursues you!
The gnoll hits you from afar with a +0 spear.
* * * LOW HITPOINT WARNING * * *
The gnoll attacks as it pursues you! The gnoll barely misses you.
The gnoll attacks as it pursues you! The gnoll barely misses you.
The gnoll attacks as it pursues you!
The gnoll hits you from afar with a +0 spear.
You die...

.........###....#
........
#..###.....#.....>
........ ##.
##.#....##... ........
##..#####..#........ ##
........
..................## ...
........
...................##...
...)....
........................
........
........................
........
....$..)........@.......
........
........................
........
................g.......
........
........†.....:g.g......
........
.......................)
........
.................†......
).......
................g.......
......
........................
.....
.....................


You could see 4 gnolls.

Vanquished Creatures
  2 adders (D:2)
  2 dart slugs
  7 endoplasms
  3 giant cockroaches
  6 hobgoblins
  4 jackals (D:1)
  4 ball pythons (D:1)
  3 bats (D:1)
  4 goblins
  4 kobolds
  A rat (D:1)
40 creatures vanquished.

Notes
Turn   | Place    | Note
-------+----------+-------------------------------------------
     0 | D:1      | ANON1729 the Minotaur Monk began the quest for the Orb.
     0 | D:1      | Reached XP level 1. HP: 19/19 MP: 0/0
   113 | D:1      | Reached XP level 2. HP: 14/27 MP: 1/1
   824 | D:2      | Reached XP level 3. HP: 33/33 MP: 2/2
   946 | D:2      | You fall into a shaft and drop 2 floors!
  1183 | D:4      | Slain by a gnoll

Illustrated notes

Levels and vault maps discovered:
D:1:      dpeg_arrival_castle, layout_basic, serial_park_tiny_pond
D:2:      layout_loops_ring, hellmonk_ecumenical_altar_defaced_shrine,
          nicolae_underground_beach
D:4:      layout_layer_cave, minivault_11

Skill      XL: |  1  2  3 |
---------------+----------+-----
Fighting       | 4 |  4.4
Polearms       | 4 |  4.4
Dodging        | 4 |  4.0
Armour         | |  0.9

Action                     || total
---------------------------++-------
  Melee: Spear             ||    89
         Headbutt          ||    14
 Armour: Robe              ||    26
  Dodge: Dodged            ||    47

Table legend: (Time is in decaauts)
 A = Elapsed time spent in this place.
 B = Non-inter-level travel time spent in this place.
 C = Inter-level travel time spent in this place.
 D = Time resting spent in this place.
 E = Time spent auto-exploring this place.
 F = Levels seen in this place.
 G = Mean time per level.
                   A        B        C        D        E       F      G
               +--------+--------+--------+--------+--------+-----+--------+
         Total |   1176 |   1160 |     16 |      0 |    979 |   3 |  392.0 |
       Dungeon |   1176 |   1160 |     16 |      0 |    979 |   3 |  392.0 |
               +--------+--------+--------+--------+--------+-----+--------+

Top non-repeatable levels by time:
     D:1: 805 daAuts
     D:4: 234 daAuts
     D:2: 137 daAuts
